 Dungeon Crawl Stone Soup version 0.24-a0-736-g4e6fe308c7 (webtiles) character file.

Game seed: 11760092594522261453, levelgen mode: deterministic

599123 PeterQ the Wrestler (level 26, 0/265 HPs)
             Began as a Troll Hunter on Oct 2, 2019.
             Was the Champion of Okawaru.
             Killed from afar by a hellion (30 damage)
             ... with damnation
             ... on level 7 of Tartarus.
             The game lasted 02:02:16 (58444 turns).

PeterQ the Wrestler (Troll Hunter)                 Turns: 58444, Time: 02:02:17

Health: 0/265      AC: 45    Str: 36    XL:     26   Next: 43%
Magic:  29/29      EV: 24    Int:  5    God:    Okawaru [******]
Gold:   5118       SH: 24    Dex: 31    Spells: 25/25 levels left

rFire    + + .     SeeInvis .     - Unarmed
rCold    + + .     Gourm    +   t - +5 shield of Vofona {rF+ Str+4}
rNeg     + + +     Faith    +   W - +12 gold dragon scales
rPois    +         Spirit   .   a - +2 hat {MR+}
rElec    .         Reflect  .   Z - +2 cloak {MR+}
rCorr    .         Harm     .   (gloves unavailable)
MR       ++++.                  (boots unavailable)
Stlth    ..........             X - amulet of the Equinox {Faith Dex+6}
HPRegen  0.94/turn              P - ring "Ypruol" {rC+ rN+ MR+ Dex+2 Slay+3}
MPRegen  0.21/turn              S - ring "Acaveiqi" {rN+++ Str+5 Int-4 Dex+5}

@: heroism
A: large, unfitting armour, claws 3, clever 1, fast metabolism 3, gourmand,
regeneration 1, shaggy fur 1, tough skin 3, subdued magic 1
}: 3/15 runes: decaying, silver, gossamer
a: Heroism, Finesse, Renounce Religion


You were on level 7 of Tartarus.
You worshipped Okawaru.
Okawaru was exalted by your worship.
You were not hungry.

You visited 10 branches of the dungeon, and saw 50 of its levels.
You visited the Abyss 1 time.
You also visited: Volcano.

You collected 6651 gold pieces.
You spent 1533 gold pieces at shops.

Inventory:

Missiles
 c - 228 large rocks (quivered)
 d - 4 throwing nets
 j - 8 curare-tipped darts
 z - 5 boomerangs of dispersal
 M - 7 silver javelins
Armour
 a - a +2 hat of magic resistance (worn)
 r - the +1 robe of Depression {MP-9 Int+4, unknown}
   (Okawaru gifted it to you on level 3 of Tartarus)

   It affects your intelligence (+4).
   It affects your magic capacity (-9).
 t - the +5 shield of Vofona (worn) {rF+ Str+4}
   (Okawaru gifted it to you on level 6 of the Lair of Beasts)

   It affects your strength (+4).
   It protects you from fire.
 L - a scarf of cloud immunity
 W - +12 gold dragon scales (worn)
 Z - a +2 cloak of magic resistance (worn)
Jewellery
 H - the ring "Zicyn" {MR+ SInv}
   (You found it on level 3 of the Swamp)

   [ring of protection from magic]

   It affects your resistance to hostile enchantments.
   It lets you see invisible.
 P - the ring "Ypruol" (left claw) {rC+ rN+ MR+ Dex+2 Slay+3}
   (You bought it in a shop on level 7 of the Dungeon)

   [ring of slaying]

   It affects your dexterity (+2).
   It affects your accuracy and damage with ranged weapons and melee attacks
   (+3).
   It protects you from cold.
   It protects you from negative energy.
   It affects your resistance to hostile enchantments.
 Q - the ring of the Camelopard {rElec rPois}
   (You found it on level 14 of the Dungeon)

   [ring of poison resistance]

   It insulates you from electricity.
   It protects you from poison.
 S - the ring "Acaveiqi" (right claw) {rN+++ Str+5 Int-4 Dex+5}
   (You found it on level 3 of the Swamp)

   [ring of dexterity]

   It affects your strength (+5).
   It affects your intelligence (-4).
   It affects your dexterity (+5).
   It renders you almost immune to negative energy.
 X - the amulet of the Equinox (around neck) {Faith Dex+6}
   (You found it on level 3 of the Swamp)

   [amulet of faith]

   It allows you to gain divine favour quickly.
   It affects your dexterity (+6).
Wands
 b - a wand of random effects (54)
 w - a wand of clouds (6)
 y - a wand of enslavement (9)
 B - a wand of disintegration (62)
 D - a wand of paralysis (39)
 I - a wand of acid (22)
 J - a wand of polymorph (34)
 N - a wand of flame (45)
 R - a wand of digging (10)
 T - a wand of scattershot (2)
 U - a wand of iceblast (56)
Scrolls
 g - 8 scrolls of fog
 k - 21 scrolls of remove curse
 m - 7 scrolls of teleportation
 n - 7 scrolls of blinking
 s - 5 scrolls of fear
 v - 8 scrolls of immolation
 K - 6 scrolls of identify
 V - 5 scrolls of magic mapping
Potions
 i - 8 potions of berserk rage
 o - 3 potions of haste
 p - 3 potions of cancellation
 q - 7 potions of agility
 u - 8 potions of flight
 x - 3 potions of might
 A - 8 potions of lignification
 C - 3 potions of heal wounds
 E - 9 potions of invisibility
 G - 5 potions of resistance
 O - 11 potions of curing
 Y - 4 potions of ambrosia
Miscellaneous
 e - a phial of floods
 h - a lightning rod (4/4)
 l - a lamp of fire
Comestibles
 f - 72 rations


   Skills:
 + Level 15.9(20.9) Fighting
 - Level 10.1(15.1) Throwing
 + Level 15.9(20.9) Armour
 + Level 15.8(20.8) Dodging
 - Level 5.0(10.0) Stealth
 + Level 15.9(20.9) Shields
 * Level 23.8(27) Unarmed Combat
 - Level 10.0 Invocations
 - Level 8.0 Evocations


You had 25 spell levels left.
You didn't know any spells.
Your spell library contained the following spells:

 Spells                   Type           Power        Failure   Level  Hunger
 Beastly Appendage        Tmut           #.....       97%         1    ##.....
 Corona                   Hex            #......      97%         1    ##.....
 Flame Tongue             Conj/Fire      #....        97%         1    ##.....
 Freeze                   Ice            #...         97%         1    ##.....
 Magic Dart               Conj           #...         97%         1    ##.....
 Shock                    Conj/Air       #...         97%         1    ##.....
 Summon Butterflies       Summ           #.......     97%         1    ##.....
 Corpse Rot               Necr           N/A          99%         2    ###....
 Ensorcelled Hibernation  Hex/Ice        #.....       99%         2    ###....
 Passwall                 Tmut/Erth      #.......     99%         2    ###....
 Searing Ray              Conj           #.....       99%         2    ###....
 Sticks to Snakes         Tmut           #.......     99%         2    ###....
 Sublimation of Blood     Necr           #.........   99%         2    ###....
 Swiftness                Chrm/Air       #.......     99%         2    ###....
 Throw Flame              Conj/Fire      #.....       99%         2    ###....
 Throw Frost              Conj/Ice       #.....       99%         2    ###....
 Call Canine Familiar     Summ           #.......     100%        3    ####...
 Confuse                  Hex            #.......     100%        3    ####...
 Conjure Flame            Conj/Fire      #.......     100%        3    ####...
 Dazzling Spray           Conj/Hex       #.....       100%        3    ####...
 Ignite Poison            Fire/Tmut/Pois #.......     100%        3    ####...
 Inner Flame              Hex/Fire       #.......     100%        3    ####...
 Lesser Beckoning         Tloc           #.........   100%        3    ####...
 Ozocubu's Armour         Chrm/Ice       #.......     100%        3    ####...
 Spider Form              Tmut/Pois      #.........   100%        3    ####...
 Static Discharge         Conj/Air       #.......     100%        3    ####...
 Stone Arrow              Conj/Erth      #.....       100%        3    ####...
 Tukima's Dance           Hex            #.......     100%        3    ####...
 Airstrike                Air            #.........   100%        4    #####..
 Cause Fear               Hex            #.........   100%        4    #####..
 Force Lance              Conj/Tloc      #.......     100%        4    #####..
 Fulminant Prism          Conj/Hex       #.........   100%        4    #####..
 Ice Form                 Ice/Tmut       #.......     100%        4    #####..
 Iskenderun's Mystic Bla  Conj           #.......     100%        4    #####..
 Leda's Liquefaction      Hex/Erth       #.........   100%        4    #####..
 Petrify                  Tmut/Erth      #.......     100%        4    #####..
 Sticky Flame             Conj/Fire      #.......     100%        4    #####..
 Summon Ice Beast         Ice/Summ       #.......     100%        4    #####..
 Summon Lightning Spire   Summ/Air       #.......     100%        4    #####..
 Throw Icicle             Conj/Ice       #.......     100%        4    #####..
 Agony                    Necr           #.......     100%        5    ######.
 Alistair's Intoxication  Tmut/Pois      #.......     100%        5    ######.
 Blade Hands              Tmut           #.........   100%        5    ######.
 Bolt of Magma            Conj/Fire/Erth #.........   100%        5    ######.
 Borgnjor's Vile Clutch   Necr/Erth      #.........   100%        5    ######.
 Fireball                 Conj/Fire      #.........   100%        5    ######.
 Irradiate                Conj/Tmut      #.........   100%        5    ######.
 Lee's Rapid Deconstruct  Erth           #.........   100%        5    ######.
 Lightning Bolt           Conj/Air       #.........   100%        5    ######.
 Silence                  Hex/Air        #.........   100%        5    ######.
 Summon Forest            Summ/Tloc      #.........   100%        5    ######.
 Summon Mana Viper        Hex/Summ       #.......     100%        5    ######.
 Yara's Violent Unravell  Hex/Tmut       #.........   100%        5    ######.
 Conjure Ball Lightning   Conj/Air       #.........   100%        6    #######
 Deflect Missiles         Chrm/Air       #.........   100%        6    #######
 Hydra Form               Tmut           #.........   100%        6    #######
 Iron Shot                Conj/Erth      #.........   100%        6    #######
 Simulacrum               Ice/Necr       #.........   100%        6    #######
 Statue Form              Tmut/Erth      #........    100%        6    #######
 Dragon Form              Tmut           #.........   100%        7    #######
 Summon Hydra             Summ           #.........   100%        7    #######
 Discord                  Hex            #.........   100%        8    #######
 Disjunction              Tloc           #.........   100%        8    #######
 Ignition                 Fire           #.........   100%        8    #######
 Shatter                  Erth           #.........   100%        9    #######
 Tornado                  Air            #.........   100%        9    #######


Dungeon Overview and Level Annotations

Branches:
Dungeon (15/15)            Temple (1/1) D:4            Lair (6/6) D:10
  Swamp (4/4) Lair:2       Spider (4/4) Lair:4        Slime (0/5) Lair:6
    Orc (2/2) D:12            Elf (0/3) Orc:2        Vaults (5/5) D:14
  Crypt (0/3) Vaults:2     Depths (5/5) D:15           Hell (visited)
    Dis (0/7) Hell            Geh (0/7) Hell            Coc (0/7) Hell
    Tar (7/7) Hell            Zot (0/5) Depths:5    Volcano (visited)

Altars:
Ashenzari
Cheibriados
Dithmenos
Elyvilon
Fedhas
Gozag
Hepliaklqana
Kikubaaqudgha
Makhleb
Nemelex Xobeh
Okawaru
Qazlal
Ru
Sif Muna
Trog
Uskayaw
Vehumet
Wu Jian
Xom
Yredelemnul
Zin
The Shining One
Beogh
Jiyva

Shops:
D:6 ![   D:7 (*?=   D:10 =   D:14 [   Orc:2 [[*:   Vaults:2 !   Depths:1 }=}
Depths:5 %(

Portals:
Hell: Lair:6 Depths:1 Depths:2 Depths:3 Depths:4 Depths:5
Abyss: Depths:3 Depths:4
Pandemonium: Depths:3 Depths:4 Depths:5
Ziggurat: Depths:2

Annotations:
Vaults:2 3 runed translucent doors, Ynisk's ghost, adept HaHu


Innate Abilities, Weirdness & Mutations

You are too large for most types of armour.
You have claws for hands.
Your metabolism is lightning-fast.
You like to eat raw meat.
Your natural rate of healing is unusually fast.
You are covered in fur. (AC +1)
You have extremely tough skin. (AC +3)
Your mind is acute. (Int +2)
Your spells are a little easier to cast, but a little less powerful.


Message History

The skeletal warrior is moderately damaged.
The skeletal warrior misses you.
Things that are here:
a +0 long sword; a +0 mace; a +0 war axe of distortion You see here a doom hound corpse.
You eviscerate the skeletal warrior!!!
The skeletal warrior is severely damaged.
You mangle the skeletal warrior!!
You destroy the skeletal warrior!
Okawaru accepts your kill. "We have you now!"
There is a sudden explosion of magical energy!
The explosion engulfs you!!
* * * LOW HITPOINT WARNING * * *
Items here: )))) a +0 halberd; a +0 long sword; a +0 mace; a +0 war axe of distortion You hear a shout!
The hellion gestures at you.
The sphere of damnation explodes!
The damnation engulfs you!!
You die...

................
.................
................#
................###
..................#
..................#
.......)..###....##
........)#)..#....#
.......†#@....#
........#..8..# .
........#.....#..
........2#...#..#
..........###....#
...................
.................#.#
................## #
.................


You could see a hellion.

Vanquished Creatures
  A juggernaut (Depths:3)
  Sojobo (Depths:2)
  Bai Suzhen (Lair:4)
  Saint Roka (Depths:2)
  Xtahua (Depths:3)
  A caustic shrike (Depths:2)
  Geryon (Hell)
  2 golden dragons
  2 liches
  16 bone dragons
  9 Tzitzimimeh
  11 doom hounds
  6 tentacled monstrosities
  The ghost of Ecimmin the Bludgeoner, an adept TrMo of Elyvilon (D:14)
  7 titans
  5 sphinxes
  An eldritch tentacle (Tar:1)
  Frances (Spider:1)
  7 shadow dragons
  2 thorn hunters
  12 tengu reavers
  Donald (Vaults:3)
  9 storm dragons
  10 frost giants
  2 iron dragons
  15 fire giants
  A draconian scorcher (Depths:5)
  2 ghost moths (Spider:4)
  7 emperor scorpions
  Louise (Spider:2)
  5 deep elf sorcerers
  2 balrugs
  A deep elf elementalist (Vaults:4)
  17 vault wardens
  A draconian stormcaller (Depths:5)
  28 reapers
  3 spriggan defenders (Depths:3)
  3 war gargoyles
  A ghoul (Vaults:3)
  7 entropy weavers
  17 ironheart preservers
  31 very ugly things
  A green draconian (Depths:5)
  Azrael (D:15)
  A black draconian (Depths:5)
  9 vampire knights
  33 stone giants
  The ghost of buchy the Severer, a journeyman MiBe of Trog (Lair:3)
  2 red draconians
  2 deep elf demonologists (Vaults:5)
  2 deep elf annihilators
  A yellow draconian (Depths:5)
  A white draconian (Depths:5)
  4 deep elf death magi
  4 blizzard demons
  10 fire dragons
  3 deep elf high priests
  2 merfolk impalers
  5 jiangshi
  A quicksilver dragon zombie (Tar:4)
  22 yaktaur captains
  17 ettins
  9 great orbs of eyes
  12 ice dragons
  A quicksilver dragon skeleton (Tar:3)
  6 rakshasas
  26 hydras
  32 vault guards
  A hell beast (Lair:6)
  3 spriggan air magi
  2 ghost crabs
  An anaconda (Swamp:4)
  Erica (D:9)
  3 shambling mangroves
  A two-headed ogre (shapeshifter) (Vaults:5)
  12 alligators
  40 two-headed ogres
  A dancing weapon (Vaults:1)
  2 catoblepae
  11 centaur warriors
  A queen ant (Spider:3)
  2 death knights
  7 hell hogs
  8 deep troll earth magi
  3 tengu warriors
  4 spriggan berserkers
  2 titan zombies (Tar:4)
  A large abomination (Vaults:4)
  9 deep troll shamans
  16 ogre magi
  3 vampire magi
  10 soul eaters
  7 sun demons
  Urug (D:10)
  2 titan skeletons
  A storm dragon zombie (Hell)
  7 deep elf knights
  4 iron trolls
  38 skeletal warriors
  3 shadow wraiths
  8 hell knights
  2 iron golems (Hell)
  A salamander mystic (Volcano)
  2 unseen horrors
  A storm dragon skeleton (Tar:2)
  A fire crab (shapeshifter) (Vaults:3)
  A golden dragon zombie (Tar:5)
  A spriggan druid (Swamp:2)
  7 flayed ghosts
  6 glowing orange brains
  2 death drakes
  A sixfirhy (Depths:3)
  4 deep elf archers
  2 anaconda zombies
  13 swamp dragons
  A quicksilver dragon simulacrum (Depths:4)
  A lindwurm (Lair:5)
  34 deep trolls
  A golden dragon skeleton (Tar:4)
  A shadow dragon zombie (Tar:3)
  4 wizards
  13 phantasmal warriors
  14 necromancers
  An anaconda skeleton (Tar:6)
  17 orc knights
  10 shadow demons
  A wolf spider zombie (D:12)
  6 harpies
  15 ironbrand convokers
  2 frost giant zombies (Hell)
  A shadow dragon skeleton (Tar:1)
  An orb spider (shapeshifter) (Vaults:4)
  11 cyclopes
  12 deep elf magi
  A tengu skeleton (Vaults:3)
  A stone giant zombie (Tar:2)
  18 orb spiders
  37 wolf spiders
  4 salamanders (Volcano)
  3 manticores (D:12)
  3 fire giant zombies
  30 ugly things
  A faun (shapeshifter) (Depths:4)
  6 orc sorcerers
  A moth of wrath (shapeshifter) (Vaults:5)
  3 frost giant skeletons
  A fire giant skeleton (Tar:4)
  4 moths of wrath
  4 smoke demons
  14 black mambas
  2 guardian serpents (shapeshifter)
  A dire elephant zombie (Tar:2)
  2 ice statues (Hell)
  5 orange demons
  5 rust devils
  Maurice (D:9)
  A stone giant skeleton (Tar:4)
  17 vault sentinels
  2 torpor snails
  A black mamba (shapeshifter) (D:13)
  2 shock serpent skeletons
  2 molten gargoyles (Volcano)
  16 spiny frogs
  2 gargoyles
  2 hellions (Tar:3)
  5 rime drakes
  2 emperor scorpion zombies
  3 human zombies
  10 freezing wraiths
  15 demonic crawlers
  62 yaktaurs
  14 tormentors
  10 ice devils
  3 hydra zombies
  8 komodo dragons
  5 red devils
  A hellwing (Lair:6)
  2 yaktaur skeletons
  A polar bear (shapeshifter) (Depths:5)
  A queen bee (Lair:3)
  9 trolls
  29 jumping spiders
  3 tengu conjurers
  4 polar bears
  21 hornets
  9 tyrant leeches
  4 hydra skeletons
  18 dream sheep
  7 blink frogs
  2 ice dragon zombies
  18 bog bodies
  52 slime creatures
  3 alligator zombies
  A raiju (shapeshifter) (Vaults:3)
  12 hippogriffs
  An iron dragon simulacrum (Depths:4)
  An ettin skeleton (Tar:1)
  5 ettin zombies (Tar:2)
  22 tarantellas
  72 redbacks
  2 vampires
  3 wyverns
  An alligator skeleton (Hell)
  A black mamba zombie (Hell)
  A redback (shapeshifter) (Vaults:5)
  13 shadows
  2 fire dragon skeletons
  10 water elementals
  A shock serpent simulacrum (Tar:4)
  20 flying skulls
  8 spriggans
  A yak (shapeshifter) (Depths:1)
  42 yaks
  2 fire bats (Volcano)
  3 wraiths
  3 basilisks
  3 ice dragon skeletons
  20 vampire mosquitoes
  2 fire bats (shapeshifter)
  20 humans
  4 hungry ghosts
  12 fire elementals
  A steam dragon (Lair:4)
  Grum (D:10)
  A yaktaur simulacrum (Vaults:5)
  3 elf skeletons
  A steam dragon (shapeshifter) (Depths:5)
  18 swamp worms
  5 insubstantial wisps
  8 soldier ants
  5 acid dragons
  7 wargs
  3 spiny frog zombies
  21 water moccasins
  A soldier ant (shapeshifter) (Vaults:1)
  28 hell hounds
  15 swamp drakes
  2 porcupines
  33 orc warriors
  3 black bears
  A hornet zombie (Vaults:1)
  An eye of draining (shapeshifter) (Depths:2)
  A fire dragon simulacrum (Tar:4)
  A spiny frog skeleton (Tar:2)
  An ettin simulacrum (Vaults:1)
  3 eyes of draining
  2 ice beasts
  A snapping turtle zombie (Tar:4)
  20 necrophages
  A sky beast (D:8)
  47 ogres
  9 phantoms
  12 wolves
  2 swamp dragon zombies
  A boggart (Vaults:2)
  10 centaurs
  A swamp dragon skeleton (Tar:2)
  13 crocodiles
  3 big kobolds
  8 bullfrogs
  A gnoll sergeant (Orc:1)
  A human skeleton (Vaults:3)
  A deep troll simulacrum (Vaults:2)
  2 small abominations
  7 scorpions
  A human simulacrum (Vaults:1)
  15 killer bees
  51 wights
  3 electric eels
  2 howler monkeys
  18 crimson imps
  7 lava snakes (Volcano)
  4 centaur zombies
  A bullfrog zombie (D:12)
  A quasit (D:7)
  3 centaur skeletons
  8 jellies
  18 orc priests
  7 hounds
  24 orc wizards
  4 bullfrog skeletons
  2 iron imps (Hell)
  9 iguanas
  31 worker ants
  2 hound zombies
  22 adders
  4 gnolls
  A howler monkey skeleton (D:11)
  15 shadow imps
  8 white imps
  7 oozes
  3 adder zombies
  4 worms
  A dart slug (D:2)
  3 leopard geckos
  94 orcs
  An orc (shapeshifter) (Depths:3)
  2 ball pythons
  5 bats
  5 giant cockroaches
  5 goblins
  8 hobgoblins
  12 jackals
  5 quokkas
  7 frilled lizards
  A jackal zombie (D:5)
  23 kobolds
  A kobold skeleton (D:5)
  2 kobold zombies
  3 leopard gecko skeletons
  4 rats
  2 crawling corpses (Vaults:5)
  A fungus (Swamp:4)
  2 plants (Swamp:4)
2435 creatures vanquished.

Vanquished Creatures (collateral kills)
  A wight (Tar:4)
1 creature vanquished.

Vanquished Creatures (others)
  Nikola (Vaults:3)
  A deep elf knight (Vaults:3)
  2 wolf spiders (Spider:3)
  2 jumping spiders
  A tarantella (Spider:3)
  A swamp drake (Swamp:4)
  An ogre (Vaults:5)
  A crimson imp (D:15)
  An orc wizard (Vaults:3)
  2 orcs (Vaults:3)
  12 fungi
  16 plants
  4 toadstools (Swamp:1)
45 creatures vanquished.

Grand Total: 2481 creatures vanquished

Notes
Turn   | Place    | Note
-------+----------+-------------------------------------------
     0 | D:1      | PeterQ the Troll Hunter began the quest for the Orb.
     0 | D:1      | Reached XP level 1. HP: 19/19 MP: 0/0
    87 | D:1      | Reached XP level 2. HP: 13/28 MP: 1/1
   556 | D:1      | Reached skill level 1 in Unarmed Combat
   646 | D:1      | Reached XP level 3. HP: 35/35 MP: 2/2
  1120 | D:2      | Reached skill level 1 in Stealth
  1243 | D:2      | Found a glowing silver altar of Zin.
  1314 | D:2      | Reached XP level 4. HP: 39/42 MP: 3/3
  1598 | D:3      | Found a burning altar of Makhleb.
  1750 | D:3      | Found a shimmering altar of Xom.
  1868 | D:3      | Reached XP level 5. HP: 32/50 MP: 4/4
  2147 | D:3      | Reached skill level 2 in Unarmed Combat
  2345 | D:4      | Found a staircase to the Ecumenical Temple.
  2356 | Temple   | Entered the Ecumenical Temple
  2432 | Temple   | Became a worshipper of Warmaster Okawaru
  2534 | D:4      | Reached XP level 6. HP: 46/59 MP: 5/5
  2646 | D:4      | Reached skill level 1 in Invocations
  2799 | D:4      | Reached * piety under Okawaru
  2799 | D:4      | Reached XP level 7. HP: 59/66 MP: 5/7
  2841 | D:4      | Reached skill level 3 in Unarmed Combat
  3004 | D:5      | Entered Level 5 of the Dungeon
  3004 | D:5      | Found a runed translucent door.
  3004 | D:5      | Noticed a human
  3005 | D:5      | Found a basalt altar of Yredelemnul.
  3062 | D:5      | Killed a human
  3170 | D:5      | Reached skill level 5 in Throwing
  3201 | D:5      | Reached ** piety under Okawaru
  3232 | D:5      | Reached XP level 8. HP: 41/75 MP: 8/8
  3561 | D:5      | Found an ornate altar of the Wu Jian Council.
  3661 | D:5      | Found a glowing golden altar of the Shining One.
  3758 | D:5      | Reached skill level 4 in Unarmed Combat
  4267 | D:6      | Found Ylishepi's Armour Shop.
  4494 | D:6      | Reached *** piety under Okawaru
  4494 | D:6      | Reached skill level 5 in Unarmed Combat
  4558 | D:6      | Found a shadowy altar of Dithmenos.
  4820 | D:6      | Found Seqys's Distillery.
  4823 | D:6      | Bought a potion of degeneration for 15 gold pieces
  4823 | D:6      | Bought a potion of lignification for 45 gold pieces
  4823 | D:6      | Bought a potion of curing for 45 gold pieces
  4876 | D:7      | Found Ehuero's Magic Scroll Emporium.
  4897 | D:7      | Reached XP level 9. HP: 82/84 MP: 10/10
  5066 | D:7      | Bought a scroll of identify for 22 gold pieces
  5077 | D:7      | Found Diudua's General Store.
  5096 | D:7      | Bought a scroll of identify for 28 gold pieces
  5096 | D:7      | Bought a scroll of identify for 28 gold pieces
  5105 | D:7      | Found Ezaw's Weapon Boutique.
  5308 | D:7      | Found Jyliru Ciure's Jewellery Emporium.
  5311 | D:7      | Reached skill level 6 in Unarmed Combat
  5560 | D:8      | Reached **** piety under Okawaru
  5695 | D:8      | Reached skill level 5 in Dodging
  5756 | D:8      | Reached skill level 5 in Fighting
  5863 | D:8      | Reached skill level 7 in Unarmed Combat
  6146 | D:8      | Found a snail-covered altar of Cheibriados.
  6309 | D:9      | Reached XP level 10. HP: 75/96 MP: 12/12
  6525 | D:9      | Noticed Maurice
  6539 | D:9      | Killed Maurice
  6539 | D:9      | Reached skill level 5 in Invocations
  6656 | D:9      | Noticed Erica
  6664 | D:9      | Killed Erica
  6664 | D:9      | Reached skill level 8 in Unarmed Combat
  6780 | D:9      | You fall into a shaft and drop 2 floors!
  6826 | D:10     | Entered Level 10 of the Dungeon
  6840 | D:11     | Reached ***** piety under Okawaru
  6904 | D:10     | Noticed Grum
  6920 | D:9      | Received a gift from Okawaru
  7392 | D:9      | Reached skill level 9 in Unarmed Combat
  8084 | D:10     | Killed Grum
  8215 | D:10     | Noticed Urug
  8268 | D:10     | Killed Urug
  8268 | D:10     | Reached XP level 11. HP: 63/107 MP: 13/13
  8368 | D:10     | Found a staircase to the Lair.
  8407 | D:10     | Found Bequvas's Jewellery Boutique.
  8721 | D:11     | Noticed a six-headed hydra
  8732 | D:11     | Killed a seven-headed hydra
  8732 | D:11     | Received a gift from Okawaru
  8732 | D:11     | Reached skill level 10 in Unarmed Combat
  9964 | D:11     | Got a translucent falchion
  9965 | D:11     | Identified the +7 falchion of the Eel {slice, rElec rF+
                  | Int+3} (You found it on level 11 of the Dungeon)
 10017 | D:12     | Reached skill level 11 in Unarmed Combat
 10246 | D:12     | Got an iridescent hunting sling
 10247 | D:12     | Identified the +0 hunting sling of the Unspeakable One
                  | {velocity, *Drain rC++} (You found it on level 12 of the
                  | Dungeon)
 10470 | D:12     | Received a gift from Okawaru
 10974 | D:12     | Noticed a purple ugly thing
 10992 | D:11     | Killed a purple ugly thing
 11118 | D:12     | Reached XP level 12. HP: 34/119 MP: 4/14
 11155 | D:12     | Found a staircase to the Orcish Mines.
 11164 | D:12     | Found a roughly hewn altar of Beogh.
 11651 | Lair:1   | Entered Level 1 of the Lair of Beasts
 11948 | Lair:1   | Reached skill level 12 in Unarmed Combat
 12208 | Lair:2   | Reached skill level 1 in Armour
 12685 | Lair:2   | Found a staircase to the Swamp.
 12711 | Lair:2   | Received a gift from Okawaru
 13392 | Lair:3   | Received a gift from Okawaru
 13684 | Lair:3   | Found a transporter.
 13686 | Lair:3   | Found a transporter.
 13688 | Lair:3   | Noticed buchy's ghost (journeyman MiBe)
 14098 | Lair:4   | Noticed a four-headed hydra
 14118 | Lair:4   | Killed a one-headed hydra
 14118 | Lair:4   | Reached skill level 13 in Unarmed Combat
 14274 | Lair:4   | Noticed a six-headed hydra
 14279 | Lair:4   | Reached XP level 13. HP: 107/128 MP: 16/16
 14485 | Lair:4   | Found a hole to the Spider Nest.
 14848 | Lair:4   | Received a gift from Okawaru
 15003 | Lair:4   | Reached ****** piety under Okawaru
 15759 | Lair:5   | Found a dark tunnel.
 15810 | Volcano  | Entered a volcano
 15970 | Volcano  | Received a gift from Okawaru
 16232 | Volcano  | Found a burning altar of Makhleb.
 16329 | Volcano  | Noticed a red draconian
 16350 | Volcano  | Killed a red draconian
 16785 | Lair:5   | Reached skill level 14 in Unarmed Combat
 17501 | D:7      | Bought the ring "Ypruol" {rC+ rN+ MR+ Dex+2 Slay+3} for
                  | 1095 gold pieces
 17663 | Lair:6   | Entered Level 6 of the Lair of Beasts
 17664 | Lair:6   | Found a staircase to the Slime Pits.
 17664 | Lair:6   | Found a viscous altar of Jiyva.
 17995 | Lair:6   | Reached skill level 5 in Armour
 18014 | Lair:6   | Reached XP level 14. HP: 129/140 MP: 18/18
 18042 | Lair:6   | Found a burning altar of Makhleb.
 18360 | Lair:6   | Received a gift from Okawaru
 18361 | Lair:6   | Got a bloodstained shield {god gift}
 18367 | Lair:6   | Identified the +5 shield of Vofona {rF+ Str+4} (Okawaru
                  | gifted it to you on level 6 of the Lair of Beasts)
 18710 | Lair:6   | Found a gateway to Hell.
 19071 | Orc:1    | Entered Level 1 of the Orcish Mines
 19532 | Orc:1    | Reached skill level 1 in Shields
 19626 | Orc:2    | Entered Level 2 of the Orcish Mines
 19823 | Orc:2    | Found a staircase to the Elven Halls.
 19983 | Orc:2    | Reached skill level 10 in Dodging
 19999 | Orc:2    | Found Tuefoxef's Book Shop.
 20016 | Orc:2    | Found Otwok's Armour Shoppe.
 20113 | Orc:2    | Reached skill level 10 in Fighting
 20267 | Orc:2    | Found Suprix Add's Assorted Antiques.
 20275 | Orc:2    | Reached skill level 15 in Unarmed Combat
 20411 | Orc:2    | Bought a scroll labeled GAGOGE OTYIRCHOBATS for 25 gold
                  | pieces
 20411 | Orc:2    | Bought an ancient copper amulet for 125 gold pieces
 20411 | Orc:2    | Identified the amulet "Poohuh" {Acrobat rPois} (You bought
                  | it in a shop on level 2 of the Orcish Mines)
 20419 | Orc:2    | Found Iluas's Antique Armour Shop.
 20791 | Orc:2    | Noticed a stone giant
 20821 | Orc:2    | Killed a stone giant
 20821 | Orc:2    | Received a gift from Okawaru
 20821 | Orc:2    | Reached skill level 5 in Shields
 21847 | D:14     | Found Myicsad's Antique Armour Emporium.
 22057 | D:14     | Identified Sif Muna's Compendium of Displacement and
                  | Transformation
 22132 | D:13     | Reached XP level 15. HP: 73/149 MP: 14/20
 22508 | D:14     | Found a transporter.
 22516 | D:14     | Noticed Ecimmin's ghost (adept TrMo)
 22517 | D:14     | Noticed a storm dragon
 22632 | D:14     | Found a transporter.
 22928 | D:14     | Received a gift from Okawaru
 22993 | D:14     | Found a gate to the Vaults.
 23154 | D:15     | Entered Level 15 of the Dungeon
 23398 | D:15     | Found an opulent altar of Gozag.
 23484 | D:15     | Noticed Azrael
 23492 | D:15     | Killed Azrael
 23683 | D:15     | Found a staircase to the Depths.
 24038 | Spider:1 | Entered Level 1 of the Spider Nest
 24067 | Spider:1 | Received a gift from Okawaru
 24437 | Spider:1 | Received a gift from Okawaru
 24447 | Spider:1 | Noticed Frances
 24458 | Spider:1 | Gained mutation: Your magical capacity is low. (-10% MP) [a
                  | neqoxec]
 24459 | Spider:1 | Gained mutation: Scrolls take you a little longer to read.
                  | [a neqoxec]
 24461 | Spider:1 | Killed Frances
 24716 | Lair:3   | Lost mutation: Your magical capacity is low. (-10% MP)
                  | [potion of mutation]
 24716 | Lair:3   | Lost mutation: Scrolls take you a little longer to read.
                  | [potion of mutation]
 24716 | Lair:3   | Gained mutation: Your spells are a little easier to cast,
                  | but a little less powerful. [potion of mutation]
 24716 | Lair:3   | Gained mutation: Your mind is acute. (Int +2) [potion of
                  | mutation]
 24977 | Spider:1 | Reached XP level 16. HP: 158/158 MP: 21/21
 25141 | Spider:1 | Received a gift from Okawaru
 25570 | Spider:2 | Noticed Louise
 25639 | Spider:2 | Cast into level 3 of the Abyss (Louise)
 25684 | Abyss:3  | Found a corrupted altar of Lugonu.
 25704 | Spider:2 | Escaped the Abyss
 25710 | Spider:2 | Killed Louise
 26184 | Spider:3 | Noticed Bai Suzhen
 26262 | Lair:4   | Killed Bai Suzhen
 26262 | Lair:4   | Reached skill level 10 in Armour
 26693 | Spider:3 | Received a gift from Okawaru
 26756 | Spider:3 | Reached skill level 10 in Throwing
 26927 | Spider:3 | Received a gift from Okawaru
 27019 | Spider:4 | Entered Level 4 of the Spider Nest
 27470 | Spider:3 | Received a gift from Okawaru
 28738 | Spider:4 | Reached XP level 17. HP: 167/167 MP: 22/22
 28778 | Spider:4 | Received a gift from Okawaru
 28931 | Spider:4 | Received a gift from Okawaru
 28974 | Spider:4 | Received a gift from Okawaru
 29876 | Spider:4 | Got a gossamer rune of Zot
 30141 | Swamp:1  | Entered Level 1 of the Swamp
 30248 | Swamp:1  | Received a gift from Okawaru
 30514 | Swamp:1  | Reached skill level 10 in Shields
 30842 | Swamp:1  | Received a gift from Okawaru
 31024 | Swamp:2  | Paralysed by a hornet for 3 turns
 31489 | Swamp:2  | Reached skill level 16 in Unarmed Combat
 32210 | Swamp:3  | Found a transporter.
 32412 | Swamp:3  | Found a transporter.
 32681 | Swamp:4  | Entered Level 4 of the Swamp
 32703 | Swamp:4  | Reached skill level 1 in Evocations
 32913 | Swamp:4  | Reached XP level 18. HP: 114/179 MP: 23/23
 33176 | Swamp:4  | Received a gift from Okawaru
 33411 | Swamp:4  | Received a gift from Okawaru
 33695 | Swamp:4  | Reached skill level 5 in Evocations
 34582 | Swamp:4  | Got a decaying rune of Zot
 35526 | Vaults:1 | Entered Level 1 of the Vaults
 36030 | Vaults:1 | Received a gift from Okawaru
 36045 | Vaults:1 | Got steaming shadow dragon scales {god gift}
 36056 | Vaults:1 | Identified the +7 shadow dragon scales "Baukkylavu" {Dex+2
                  | Stlth++++} (Okawaru gifted it to you on level 1 of the
                  | Vaults)
 36388 | Vaults:1 | Found a basalt altar of Yredelemnul.
 36395 | Vaults:1 | Got a scorched amethyst amulet
 36399 | Vaults:1 | Identified the amulet of Freedom {Inacc +Inv rF- MR+++
                  | Stlth+} (You found it on level 1 of the Vaults)
 37226 | Vaults:2 | Reached skill level 10 in Invocations
 37290 | Vaults:2 | Received a gift from Okawaru
 37295 | Vaults:2 | Paralysed by a great orb of eyes for 4 turns
 37503 | Vaults:2 | Reached XP level 19. HP: 150/185 MP: 25/25
 37807 | Vaults:2 | Reached skill level 5 in Stealth
 37888 | Vaults:2 | Found Yzatuulo's Distillery.
 38239 | Vaults:2 | Found a runed translucent gate.
 38239 | Vaults:2 | Found a runed translucent gate.
 38239 | Vaults:2 | Found a runed translucent gate.
 38239 | Vaults:2 | Found an ancient bone altar of Kikubaaqudgha.
 38239 | Vaults:2 | Noticed an ancient lich
 38239 | Vaults:2 | Noticed a lich
 38239 | Vaults:2 | Noticed Ynisk's ghost (adept HaHu)
 38239 | Vaults:2 | Noticed a lich
 38301 | Vaults:2 | Found a staircase to the Crypt.
 38301 | Vaults:2 | Found a basalt altar of Yredelemnul.
 38302 | Vaults:2 | Found an ancient bone altar of Kikubaaqudgha.
 38355 | Vaults:2 | Received a gift from Okawaru
 38596 | Vaults:3 | Received a gift from Okawaru
 38723 | Vaults:3 | Identified the +1 pair of gloves "Eptauqyk" {rPois rF-
                  | SInv}
 38723 | Vaults:3 | Noticed Nikola
 38726 | Vaults:3 | Paralysed by a great orb of eyes for 2 turns
 39010 | Vaults:3 | Noticed Donald
 39177 | Vaults:3 | Killed Donald
 39440 | Vaults:3 | Killed Nikola
 39756 | Vaults:3 | Received a gift from Okawaru
 39816 | Vaults:3 | Reached skill level 17 in Unarmed Combat
 39830 | Vaults:3 | Received a gift from Okawaru
 39830 | Vaults:3 | Reached XP level 20. HP: 72/196 MP: 26/26
 40559 | Vaults:4 | Received a gift from Okawaru
 42509 | Lair:3   | Killed buchy's ghost
 42749 | Orc:2    | Bought a scarf of cloud immunity for 105 gold pieces
 43087 | Swamp:3  | Received a gift from Okawaru
 43163 | Swamp:3  | Got a translucent bronze ring
 43167 | Swamp:3  | Got a smoking bronze amulet
 43191 | Swamp:3  | Identified the amulet of the Equinox {Faith Dex+6} (You
                  | found it on level 3 of the Swamp)
 43193 | Swamp:3  | Identified the ring "Acaveiqi" {rN+++ Str+5 Int-4 Dex+5}
                  | (You found it on level 3 of the Swamp)
 43196 | Swamp:3  | Got a brightly glowing marble ring
 43198 | Swamp:3  | Identified the ring "Zicyn" {MR+ SInv} (You found it on
                  | level 3 of the Swamp)
 43433 | D:14     | Identified a scroll of acquirement
 43464 | D:14     | Killed Ecimmin's ghost
 43464 | D:14     | Received a gift from Okawaru
 43487 | D:14     | Got an ancient robe {god gift}
 43495 | D:14     | Got a brightly glowing brass ring
 43502 | D:14     | Identified the ring of the Camelopard {rElec rPois} (You
                  | found it on level 14 of the Dungeon)
 43531 | D:14     | Identified the +1 robe "Zaxkuj" {rF+++ MR- Dex-4 SInv}
                  | (Okawaru gifted it to you on level 14 of the Dungeon)
 43718 | Vaults:5 | Entered Level 5 of the Vaults
 43734 | Vaults:5 | Reached skill level 18 in Unarmed Combat
 43754 | Vaults:5 | Received a gift from Okawaru
 43760 | Vaults:5 | Reached XP level 21. HP: 143/206 MP: 22/27
 44088 | Vaults:5 | Received a gift from Okawaru
 44102 | Vaults:4 | Received a gift from Okawaru
 44360 | Vaults:5 | Identified the +9 broad axe of Dacal {flame, rPois rF+
                  | Dex-4}
 44375 | Vaults:5 | HP: 6/208 [titan/bolt of lightning (44)]
 44485 | Vaults:5 | Identified the amulet "Fymanem" {+Rage rPois rC+}
 44517 | Vaults:5 | Identified the +4 broad axe of Joyful Slaughter {chop,
                  | Dex+5}
 44746 | Vaults:5 | Reached skill level 19 in Unarmed Combat
 45090 | Vaults:5 | Received a gift from Okawaru
 45154 | Vaults:5 | Reached XP level 22. HP: 135/218 MP: 28/28
 45201 | Vaults:5 | Identified the ring of the Crown {rC+ rN+}
 45308 | Vaults:5 | Identified the +1 lajatang "Veahut" {pain, +Blink rC+}
 45790 | Vaults:5 | Received a gift from Okawaru
 45958 | Vaults:5 | Got a silver rune of Zot
 46125 | Vaults:5 | Found the +2 hat of the Bear Spirit {Spirit, +Rage rN+
                  | MR++}
 46184 | Vaults:5 | Received a gift from Okawaru
 46402 | Vaults:5 | Identified Goahi's Papyrus of the Mountains and the
                  | Snowflakes
 46568 | Vaults:5 | Received a gift from Okawaru
 46897 | Depths:1 | Entered Level 1 of the Depths
 46997 | Depths:1 | Received a gift from Okawaru
 47342 | Depths:1 | Reached skill level 20 in Unarmed Combat
 47604 | Depths:1 | Found Gocuw's Gadget Shoppe.
 47604 | Depths:1 | Found Nusy's Jewellery Shop.
 47607 | Depths:1 | Found Toetush Diez's Gadget Shoppe.
 47652 | Depths:1 | Received a gift from Okawaru
 47727 | Depths:1 | Received a gift from Okawaru
 48303 | Depths:2 | Received a gift from Okawaru
 48423 | Depths:2 | Found a gateway to a ziggurat.
 48531 | Depths:2 | Noticed Sojobo
 48560 | Depths:2 | Killed Sojobo
 48560 | Depths:2 | Received a gift from Okawaru
 48750 | Depths:2 | Noticed Saint Roka
 48777 | Depths:2 | Killed Saint Roka
 48777 | Depths:2 | Reached XP level 23. HP: 181/228 MP: 29/29
 48981 | Depths:2 | Noticed a caustic shrike
 48994 | Depths:2 | Killed a caustic shrike
 49245 | Depths:2 | Received a gift from Okawaru
 49743 | Depths:3 | Got a serpentine platinum ring
 49745 | Depths:3 | Identified the ring "Ownuc" {rC+ EV+4 Str-5 Stlth+} (You
                  | found it on level 3 of the Depths)
 49794 | Depths:3 | Noticed Xtahua
 49803 | Depths:3 | Killed Xtahua
 49822 | Depths:3 | Received a gift from Okawaru
 49823 | Depths:3 | Got a sheer robe {god gift}
 49834 | Depths:3 | Identified the +1 robe of the Harvest {*Drain rElec MR++
                  | Int+2} (Okawaru gifted it to you on level 3 of the Depths)
 49865 | Depths:3 | Found a one-way gate leading to the halls of Pandemonium.
 50119 | Depths:3 | Reached skill level 21 in Unarmed Combat
 50407 | Depths:3 | Noticed a juggernaut
 50413 | Depths:3 | Killed a juggernaut
 50422 | Depths:3 | Identified the Compendium of Darkness and Ice
 50625 | Depths:3 | Found a one-way gate to the infinite horrors of the Abyss.
 50985 | Depths:4 | Received a gift from Okawaru
 51111 | Depths:4 | Reached XP level 24. HP: 179/240 MP: 29/29
 51911 | Depths:4 | Received a gift from Okawaru
 52113 | Depths:5 | Entered Level 5 of the Depths
 52182 | Depths:5 | Received a gift from Okawaru
 52228 | Depths:5 | Found a gate to the Realm of Zot.
 52258 | Depths:5 | Received a gift from Okawaru
 52302 | Depths:5 | Received a gift from Okawaru
 52663 | Depths:5 | Found Helett's Weapon Emporium.
 52663 | Depths:5 | Found Inudaxzu's Food Shoppe.
 53238 | Hell     | Entered the Vestibule of Hell
 53238 | Hell     | Noticed Geryon
 53265 | Hell     | Received a gift from Okawaru
 53465 | Hell     | Found a gateway to the decaying netherworld of Tartarus.
 53491 | Hell     | Reached skill level 22 in Unarmed Combat
 53697 | Hell     | Killed Geryon
 53872 | Hell     | Found a gateway to the Iron City of Dis.
 53993 | Hell     | Found a gateway to the freezing wastes of Cocytus.
 54130 | Hell     | Found a gateway to the ashen valley of Gehenna.
 54144 | Hell     | Received a gift from Okawaru
 54175 | Hell     | Got jet-encrusted pearl dragon scales {god gift}
 54275 | Depths:5 | Identified the +9 pearl dragon scales "Tomism" {rElec rN+
                  | Str+3} (Okawaru gifted it to you in the Vestibule of Hell)
 54357 | Tar:1    | Entered Level 1 of Tartarus
 54536 | Tar:2    | Reached skill level 15 in Shields
 54536 | Tar:2    | Reached XP level 25. HP: 213/250 MP: 29/29
 54540 | Tar:2    | Reached skill level 15 in Armour
 54582 | Tar:2    | Reached skill level 15 in Fighting
 54695 | Tar:2    | Reached skill level 15 in Dodging
 55047 | Tar:2    | Received a gift from Okawaru
 55050 | Tar:2    | Got an encrusted falchion {god gift}
 55349 | Hell     | Identified the +2 falchion of Cataclysm {protect, rElec
                  | Int+3} (Okawaru gifted it to you on level 2 of Tartarus)
 56010 | Tar:3    | Received a gift from Okawaru
 56317 | Tar:3    | Received a gift from Okawaru
 56318 | Tar:3    | Got a tattered robe {god gift}
 56426 | Tar:3    | You fall into a shaft and drop 1 floor!
 56464 | Tar:4    | Reached skill level 23 in Unarmed Combat
 57104 | Tar:6    | Reached XP level 26. HP: 230/259 MP: 29/29
 57205 | Tar:7    | Entered Level 7 of Tartarus
 57467 | Tar:1    | Received a gift from Okawaru
 57579 | Tar:2    | Received a gift from Okawaru
 57914 | Tar:3    | Received a gift from Okawaru
 57988 | Tar:4    | Received a gift from Okawaru
 58228 | Tar:5    | Received a gift from Okawaru
 58444 | Tar:7    | Killed from afar by a hellion

Levels and vault maps discovered:
D:1:      dpeg_arrival_long_road, layout_basic, minmay_heptomino_l4
D:2:      layout_basic, overflow_temple_1_default, first_ration,
          corexii_hall_statues_l
D:3:      layout_loops_cross, old_standard_altar, lemuel_tele_altar
D:4:      layout_rooms, minmay_temple_entry_arrows
D:5:      cheibrodos_barr_body, layout_rooms, overflow_temple_1_default,
          lemuel_coloured_pillars_altar, dk_yredelemnul_ordeal
D:6:      layout_loops_ring, serial_shops, kennysheep_mini,
          nicolae_shop_behind_doors, amethyst_killhole, kennysheep_flooded_box,
          minivault_1
D:7:      layout_rooms, serial_shops, shop, shop_fountains, shop, shop
D:8:      layout_loops_ring, cheibrodos_worm_habitat
D:9:      layout_loops_ring, hangedman_little_slice_of_home, uniq_erica,
          uniq_maurice
D:10:     layout_cave_pools, erik_lair_orcish_takeover,
          kennysheep_windowed_goal, uniq_urug, uniq_grum
D:11:     layout_basic
D:12:     layout_roguey, minmay_orc_entry_temple_small,
          einodemon_barbed_minivault
D:13:     layout_loops_ring
D:14:     layout_loops_cross, grunt_vaults_entry_tiered, minmay_misc_feat_cross,
          gammafunk_ghost_berserking_beasts, serial_shops, shop, feat_on_display
D:15:     hangedman_depths_entry_civil_slaughter, layout_cave_pools,
          nicolae_gozag_seed_capital, grunt_potential, uniq_azrael
Temple:   compressed_dpeg_circular_temple
Lair:1:   layout_hall_layers
Lair:2:   layout_loops_ring, swamp_mist, wad_woods_river_01
Lair:3:   layout_regular_city, gammafunk_ghost_hive
Lair:4:   layout_cave_pods, nicolae_spider_entry_orb_guardian,
          minmay_shattered_shrine, infiniplex_staircase_pool, grunt_megastairs_4
Lair:5:   layout_regular_city, nicolae_volcano_entry_lava_flow,
          chequers_serial_rivers_micro_b
Lair:6:   evil_forest, layout_hall_layers, slime_altar_1, columned_hall_lemuel,
          infiniplex_staircase_pool_2, grunt_megastairs_1
Swamp:1:  cheibrodos_swamp_tower_of_moss, layout_basic_swamp,
          nicolae_swamp_round_clearing
Swamp:2:  layout_basic_swamp, hangedman_swamp_lotus
Swamp:3:  gammafunk_its_a_trap, layout_falls_marsh, evilmike_swamp_ruin_house_1,
          swamp_pool3, st_swamp_ruins_3
Swamp:4:  grunt_swamp_rune_castle, layout_basic_swamp, nicolae_swamp_snake_nest
Spider:1: layout_chambers, uniq_frances
Spider:2: layout_spider_delve, uniq_louise
Spider:3: layout_spider_delve, minmay_another_anthill, uniq_bai_suzhen
Spider:4: guppyfry_spider_rune
Orc:1:    layout_diamond_mine
Orc:2:    st_orc_open, layout_caves
Vaults:1: hangedman_vaults_trim, nicolae_vaults_little_ls,
          vaults_room_hangedman_quadrants, ontoclasm_vaults_pinch, v_pattern_3,
          dpeg_vaults_monster_box, hangedman_vaults_impose,
          vaults_room_stairs_pillars, vaults_room_grunt_arrival_ludios,
          layout_vaults_quadrants, basic_altar
Vaults:2: gammafunk_vaults_ghost_crypt, vaults_room_hallway,
          nicolae_vaults_puzzle_piece, ontoclasm_vaults_gateway,
          minmay_crypt_entry_necro_gods, ontoclasm_vaults_ring_large, v_misc_29,
          nicolae_vaults_little_squares_1, ontoclasm_vaults_ring_small,
          vaults_mumra_hex, nicolae_vaults_network_s, v_alt_pattern_6,
          layout_vaults_omnicross, serial_shops, shop
Vaults:3: nicolae_vaults_branching_niches, hangedman_vaults_nodes, v_misc_3,
          vaults_standard_mumra_enter_the_diamond,
          hangedman_vaults_stretched_pinwheel, nicolae_vaults_little_squares_5,
          vaults_dpeg_encased_lava, nicolae_vaults_little_squares_4,
          vaults_dpeg_diagonal, ontoclasm_vaults_ring_large,
          dpeg_vaults_monster_row, nicolae_vaults_theta,
          ontoclasm_vaults_ligature, v_misc_13, layout_vaults_maze_snakey,
          uniq_nikola, uniq_donald
Vaults:4: nicolae_vaults_back_hallway, v_alt_pattern_1, st_diamondy, v_misc_23,
          hangedman_vaults_locks, serial_ice_g, nicolae_vaults_border_crossing,
          v_misc_28, vaults_standard_mumra_x, v_misc_5,
          hangedman_vaults_capsules, v_misc_13, layout_vaults_omnibox
Vaults:5
Depths:1: layout_gridlike, pf_vacation_house_of_asmodeus,
          minmay_fire_ice_demons, minmay_shop_grove, grunt_megastairs_3,
          kennysheep_random_hallway
Depths:2: minmay_box_of_curves, layout_gridlike, enter_ziggurat_e,
          grunt_hell_entry_dis_old, minmay_misc_feat_tower, uniq_saint_roka,
          uniq_sojobo
Depths:3: minmay_shrinking_squares, layout_gridlike, abyss_entry_crystal,
          rand_demon_pan_entry_7, roderic_lattice_a, pf_coc_iceberg, uniq_xtahua
Depths:4: kennysheep_blocky_hall, layout_gridlike, hell_entry, abyss_entry,
          pan_entry, corner_web_ring, minmay_misc_feat_hallway
Depths:5: grunt_zot_entry_tricorne, layout_basic, hell_entry, pan_entry,
          serial_bayou_lake_a, minmay_shoptagon, serial_bayou_shore_b
Hell
Tar:1:    layout_catacombs
Tar:2:    layout_grid_maze, nicolae_tar_cuneiform_bread
Tar:3:    layout_grid_maze
Tar:4:    layout_catacombs
Tar:5:    layout_honeycomb, hangedman_mysterious_dungeon_monster_house
Tar:6:    layout_honeycomb
Tar:7:    tar_grunt, tar_grunt_ereshkigal, tar_grunt_big_loot,
          tar_grunt_small_loot, tar_grunt_small_loot, tar_grunt_small_loot,
          tar_grunt_decor_6, tar_grunt_small_decor_pillar,
          tar_grunt_small_decor_pillar, tar_grunt_decor_6,
          tar_grunt_small_decor_pillar, tar_grunt_small_decor_pillar,
          tar_grunt_small_decor_pillar, tar_grunt_small_decor_pillar,
          tar_grunt_small_decor_pillar, tar_grunt_decor_octagon_7,
          tar_grunt_small_decor_pillar, tar_grunt_small_decor_pillar,
          tar_grunt_decor_cross_diag, tar_grunt_small_decor_pillar,
          tar_grunt_small_decor_pillar

Skill      XL: |  1  2  3  4  5  6  7  8  9 10 11 12 13 14 15 16 17 18 19 20 21 22 23 24 25 |
---------------+----------------------------------------------------------------------------+-----
Unarmed Combat | 1 2 3 5 7 9 11 13 14 15 16 17 18 19 20 21 22 23 | 23.8
Fighting       | 2 3 4 5 6 7 8 9 10 11 12 13 14 15 | 15.9
Dodging        | 2 3 4 5 6 7 8 9 10 11 12 13 14 15 | 15.8
Stealth        | 1 2 3 5 |  5.0
Throwing       | 4 5 6 7 10 | 10.1
Invocations    | 1 2 3 4 5 6 7 8 10 | 10.0
Armour         | 3 5 9 10 11 12 13 14 15 | 15.9
Shields        | 6 9 11 12 13 14 15 | 15.9
Evocations     | 2 8 |  8.0

Action                   |  1- 3 |  4- 6 |  7- 9 | 10-12 | 13-15 | 16-18 | 19-21 | 22-24 | 25-27 || total
-------------------------+-------+-------+-------+-------+-------+-------+-------+-------+-------++-------
Melee: Unarmed           |    99 |   132 |   537 |   863 |  1286 |  1998 |  1341 |  1867 |  1181 ||  9304
       Punch             |       |     2 |    13 |    55 |    29 |       |       |       |       ||    99
       Scimitar          |       |       |       |     3 |    12 |   101 |       |       |       ||   116
Throw: Large rock        |       |       |       |       |       |       |     3 |       |       ||     3
Invok: Heroism           |       |       |       |     4 |     5 |    10 |    16 |     9 |     4 ||    48
       Finesse           |       |       |       |       |       |     1 |     5 |       |       ||     6
Evoke: Lamp of fire      |       |       |       |       |       |     1 |     2 |     2 |       ||     5
       Lightning rod     |       |       |       |       |       |       |     4 |     8 |       ||    12
       Wand              |       |       |       |       |       |       |       |     3 |       ||     3
       Phial of floods   |       |       |       |       |       |       |       |     1 |     1 ||     2
  Use: Scroll            |       |     2 |     6 |     9 |     8 |    19 |    27 |     4 |     1 ||    76
       Potion            |       |       |       |     1 |     1 |     1 |     2 |       |     2 ||     7
 Stab: Sleeping          |     3 |     3 |     8 |     6 |     1 |     3 |     8 |       |       ||    32
       Distracted        |       |     1 |       |       |       |       |       |       |       ||     1
       Confused          |       |       |       |       |       |     5 |       |       |       ||     5
  Eat: Chunk             |    14 |    17 |    43 |    81 |    98 |   118 |    65 |    71 |     6 ||   513
       Ration            |       |       |       |       |       |     1 |     1 |     1 |     9 ||    12
Armor: Robe              |    35 |    48 |   193 |    16 |       |       |       |       |       ||   292
       Acid dragon scale |       |       |       |   258 |    29 |       |       |       |       ||   287
       Skin              |       |       |       |    33 |       |       |       |       |       ||    33
       Gold dragon scale |       |       |       |       |   491 |  1070 |   273 |   550 |   447 ||  2831
       Shadow dragon sca |       |       |       |       |       |    86 |   134 |       |       ||   220
Dodge: Dodged            |    58 |    53 |   340 |   482 |   301 |   859 |   384 |   611 |   516 ||  3604
Block: Shield            |       |       |       |       |   639 |  2081 |   956 |  1442 |  1146 ||  6264
       Rpst.: Scimitar   |       |       |       |     2 |     1 |    13 |       |       |       ||    16

Table legend:
 A = Non-vault XP
 B = Vault XP
 C = Vault XP percentage of total XP
 D = Non-vault monster count
 E = Vault monster count
 F = Vault count percentage of total count
                 A         B        C        D         E       F
            +---------+---------+-------+---------+---------+-------
      Total |  841227 |  554391 |  39.7 |    1686 |     750 |  30.8
            +---------+---------+-------+---------+---------+-------
        D:1 |      42 |       3 |   6.7 |      14 |       2 |  12.5
        D:2 |     105 |       0 |   0.0 |      15 |       0 |   0.0
        D:3 |      91 |       0 |   0.0 |      21 |       0 |   0.0
        D:4 |     627 |     206 |  24.7 |      14 |       1 |   6.7
        D:5 |     873 |     502 |  36.5 |      32 |      17 |  34.7
        D:6 |     294 |       0 |   0.0 |      20 |       0 |   0.0
        D:7 |    1153 |       0 |   0.0 |      25 |       0 |   0.0
        D:8 |    1549 |       5 |   0.3 |      31 |       1 |   3.1
        D:9 |    1667 |    2328 |  58.3 |      39 |      16 |  29.1
       D:10 |     961 |    1864 |  66.0 |      11 |      10 |  47.6
       D:11 |    5476 |      74 |   1.3 |      44 |       1 |   2.2
       D:12 |    2902 |    2236 |  43.5 |      28 |      13 |  31.7
       D:13 |    6933 |       0 |   0.0 |      30 |       0 |   0.0
       D:14 |    8228 |   19116 |  69.9 |      25 |      37 |  59.7
       D:15 |    7954 |   14933 |  65.2 |      19 |      31 |  62.0
     Lair:1 |    1289 |       0 |   0.0 |       4 |       0 |   0.0
     Lair:2 |    6173 |     756 |  10.9 |      29 |       3 |   9.4
     Lair:3 |    3086 |    2339 |  43.1 |      16 |      10 |  38.5
     Lair:4 |    7006 |   11287 |  61.7 |      30 |      15 |  33.3
     Lair:5 |    5598 |       0 |   0.0 |      22 |       0 |   0.0
     Lair:6 |    6451 |    8722 |  57.5 |      23 |      28 |  54.9
    Swamp:1 |   16788 |    2109 |  11.2 |      50 |       1 |   2.0
    Swamp:2 |   11617 |       0 |   0.0 |      32 |       0 |   0.0
    Swamp:3 |    8428 |    5619 |  40.0 |      25 |      10 |  28.6
    Swamp:4 |   13236 |   22785 |  63.3 |      24 |      52 |  68.4
   Spider:1 |   17339 |    2201 |  11.3 |      45 |       1 |   2.2
   Spider:2 |   13453 |    2218 |  14.2 |      43 |       5 |  10.4
   Spider:3 |   24287 |    5066 |  17.3 |      65 |      21 |  24.4
   Spider:4 |    7495 |   24263 |  76.4 |      23 |      37 |  61.7
      Orc:1 |    2062 |       0 |   0.0 |      21 |       0 |   0.0
      Orc:2 |    2516 |   15524 |  86.1 |      13 |      37 |  74.0
   Vaults:1 |   21561 |   18535 |  46.2 |      53 |      25 |  32.1
   Vaults:2 |   22060 |   22516 |  50.5 |      36 |      29 |  44.6
   Vaults:3 |   38027 |   39423 |  50.9 |      66 |      47 |  41.6
   Vaults:4 |   26216 |   39623 |  60.2 |      38 |      42 |  52.5
   Vaults:5 |   72715 |  132544 |  64.6 |      88 |      92 |  51.1
   Depths:1 |   22984 |   23695 |  50.8 |      27 |      40 |  59.7
   Depths:2 |   42091 |   43511 |  50.8 |      52 |      22 |  29.7
   Depths:3 |   47903 |   25982 |  35.2 |      49 |      15 |  23.4
   Depths:4 |   39266 |    3629 |   8.5 |      43 |       3 |   6.5
   Depths:5 |   34365 |   23619 |  40.7 |      44 |      19 |  30.2
       Hell |   33621 |   31409 |  48.3 |      32 |      50 |  61.0
      Tar:1 |   11651 |       0 |   0.0 |      18 |       0 |   0.0
      Tar:2 |   78326 |       0 |   0.0 |     102 |       0 |   0.0
      Tar:3 |   46243 |       0 |   0.0 |      62 |       0 |   0.0
      Tar:4 |   67448 |       0 |   0.0 |      73 |       0 |   0.0
      Tar:5 |   15655 |       0 |   0.0 |      22 |       0 |   0.0
      Tar:6 |   17503 |       0 |   0.0 |      22 |       0 |   0.0
      Tar:7 |   17458 |       0 |   0.0 |      24 |       0 |   0.0
    Abyss:3 |     455 |       0 |   0.0 |       2 |       0 |   0.0
    Volcano |       0 |    5749 | 100.0 |       0 |      17 | 100.0
            +---------+---------+-------+---------+---------+-------
